AoeStats
← Chorizo En Cajas

Lombardia

509291286Analyzed
4v4 RM · 5d ago on Sep 26, 2026· 49m 22s· 8 players
Game mode
Random Map
Map size
Large (8 player)
Population
200
Speed
Normal
Resources
Standard
Victory
Conquest
Starting age
Dark Age
Ending age
Imperial Age
RankedLock teamsTeams togetherTeam positionsShared explorationLock speedFull tech treeHidden civsTurbo modeCheats
Victory
Defeat
🇲🇽 Mongols · Mexico
1078
+14
🇲🇽 Aztecs · Mexico
1053
+15
🇲🇽 Saxons · Mexico
1049
+15
🇲🇽 Georgians · Mexico
1007
+16
🇦🇷 Burgundians · Argentina
1055
-17
🇦🇺 Japanese · Australia
1020
-15
🇮🇳 Britons · India
1006
-14
🇮🇳 Danes · India
1006
-14
John G
10:38 Loom
12:32 Feudal Age
13:56 Double-Bit Axe
17:43 Castle Age
17:19 Horse Collar
17:53 Bow Saw
18:07 Scale Barding Armor
21:35 Chain Barding Armor
21:31 Heavy Plow
24:02 Wheelbarrow
23:47 Husbandry
23:08 Cavalier
24:03 Forging
26:12 Iron Casting
26:22 Hand Cart
28:46 Gold Mining
33:17 Gold Shaft Mining
39:22 Two-Man Saw
42:19 Imperial Age
43:39 Plate Barding Armor
44:05 Blast Furnace
44:08 Crop Rotation
46:24 Murder Holes
46:23 Fletching
TheSpider007917
4:23 Loom
5:04 Loom
11:33 Feudal Age
15:19 Double-Bit Axe
17:54 Castle Age
16:29 Stone Mining
17:04 Gold Mining
18:23 Horse Collar
19:45 Heavy Plow
20:54 Arson
23:36 Squires
25:10 Wheelbarrow
25:28 Bow Saw
26:23 Gold Shaft Mining
26:02 Pikeman
26:27 Gambesons
31:13 Hand Cart
34:43 Imperial Age
31:41 Crossbowman
32:57 Fletching
33:07 Scale Mail Armor
33:10 Padded Archer Armor
33:38 Murder Holes
33:54 Fortified Wall
35:38 Town Watch
35:32 Halberdier
38:20 Bodkin Arrow
38:40 Chain Mail Armor
38:37 Forging
40:27 Chemistry
39:52 Caravan
40:22 Coinage
40:07 Yasama
39:47 Man-at-Arms
41:02 Leather Archer Armor
41:07 Thumb Ring
42:12 Conscription
42:26 Capped Ram
42:55 Long Swordsman
44:23 Town Patrol
43:48 Two-Handed Swordsman
45:34 Treadmill Crane
46:29 Bracer
xzaviourr
11:21 Feudal Age
15:23 Castle Age
15:52 Loom
16:06 Double-Bit Axe
16:35 Pikeman
16:38 Man-at-Arms
24:38 Bow Saw
26:13 Padded Archer Armor
27:35 Gold Mining
28:14 Crossbowman
28:55 Fletching
30:38 Bodkin Arrow
30:59 Leather Archer Armor
36:22 Imperial Age
37:48 Wheelbarrow
38:16 Two-Man Saw
37:05 Arbalester
41:06 Bracer
41:36 Ring Archer Armor
44:43 Chemistry
43:54 Fortified Wall
44:36 Ballistics
Dragmon11
5:35 Loom
13:21 Feudal Age
19:22 Castle Age
18:52 Man-at-Arms
19:56 Scale Mail Armor
24:19 Town Watch
30:58 Horse Collar
31:08 Double-Bit Axe
33:20 Wheelbarrow
35:25 Chain Mail Armor
36:10 Forging
36:15 Hamask
37:29 Hand Cart
38:41 Iron Casting
38:38 Caravan
40:22 Fletching
44:36 Imperial Age
42:40 Bodkin Arrow
43:38 Gold Mining
43:39 Stone Mining
45:52 Plate Mail Armor
47:19 Blast Furnace
46:29 Arson
46:47 Squires
47:17 Elite Jomsviking
Barquimides
12:10 Feudal Age
13:15 Double-Bit Axe
13:23 Man-at-Arms
22:14 Castle Age
20:37 Horse Collar
22:19 Crossbowman
23:57 Ballistics
23:54 Fletching
24:05 Padded Archer Armor
24:40 Bodkin Arrow
26:31 Thumb Ring
28:30 Bow Saw
31:19 Wheelbarrow
32:35 Stone Mining
34:13 Hand Cart
34:50 Squires
34:43 Town Watch
34:50 Loom
35:40 Heavy Plow
37:06 Gambesons
37:09 Arson
37:26 Scale Mail Armor
37:17 Treadmill Crane
37:42 Gold Mining
38:32 Chain Mail Armor
42:58 Imperial Age
41:25 Forging
41:03 Pikeman
43:15 Iron Casting
43:03 Shield Wall
44:04 Conscription
45:05 Crop Rotation
45:52 Plate Mail Armor
45:17 Arbalester
45:54 Long Swordsman
45:54 Halberdier
46:28 Two-Handed Swordsman
46:50 Elite Skirmisher
Blutt_SWD
1:27 Loom
11:11 Feudal Age
16:51 Castle Age
15:18 Double-Bit Axe
16:16 Horse Collar
17:47 Wheelbarrow
23:49 Hand Cart
25:42 Heavy Plow
26:30 Town Watch
28:12 Bow Saw
32:14 Imperial Age
29:53 Gold Mining
30:39 Pikeman
30:39 Man-at-Arms
31:05 Gambesons
31:20 Squires
31:06 Arson
32:19 Town Patrol
31:43 Long Swordsman
32:26 Two-Handed Swordsman
33:49 Forging
33:39 Scale Mail Armor
34:09 Conscription
34:15 Garland Wars
34:51 Gold Shaft Mining
34:50 Champion
36:00 Chain Mail Armor
37:48 Crop Rotation
38:25 Iron Casting
38:31 Plate Mail Armor
41:41 Chemistry
40:32 Heated Shot
41:04 Ballistics
40:51 Eagle Warrior
43:08 Elite Eagle Warrior
47:14 Blast Furnace
46:05 Fletching
46:15 Padded Archer Armor
Chorizo En Cajas
4:23 Loom
11:23 Feudal Age
21:48 Castle Age
19:56 Horse Collar
20:31 Scale Barding Armor
21:07 Bloodlines
23:28 Chain Barding Armor
23:11 Husbandry
26:04 Heavy Plow
31:50 Imperial Age
31:56 Wheelbarrow
31:10 Double-Bit Axe
35:10 Hand Cart
35:54 Conscription
36:56 Elite Monaspa
38:55 Plate Barding Armor
40:09 Aznauri Cavalry
43:54 Town Watch
48:14 Town Patrol
Mariostoteles
10:15 Feudal Age
20:36 Castle Age
19:26 Scale Barding Armor
20:09 Forging
20:13 Double-Bit Axe
22:11 Husbandry
23:35 Pikeman
27:44 Scale Mail Armor
28:44 Stone Mining
32:18 Fletching
34:29 Wheelbarrow
33:45 Horse Collar
38:28 Imperial Age
36:33 Bow Saw
36:31 Bodkin Arrow
37:55 Chain Mail Armor
38:16 Iron Casting
39:58 Bracer
40:39 Ballistics
42:11 Hand Cart
42:02 Town Watch
43:09 Conscription
43:21 Chain Barding Armor
42:50 Elite Mangudai
44:29 Town Patrol
44:20 Loom
46:18 Chemistry
47:32 Onager
Connection lost

Rejoining the realm…

Still unreachable

The connection could not be restored.

Session expired

The server has moved on; the page needs a fresh start.